 Dungeon Crawl Stone Soup version 0.31-a0-208-gdb31a4691d (webtiles) character file.

Game seed: 16218770569593700135

1868 esteth the Thaumaturge (level 9, 0/97 HPs)
             Began as a Gnoll Hedge Wizard on June 28, 2023.
             Was a Believer of Okawaru.
             Succumbed to a killer bee's poison
             ... on level 7 of the Dungeon.
             The game lasted 00:22:13 (8143 turns).

esteth the Thaumaturge (Gnoll Hedge Wizard)         Turns: 8143, Time: 00:22:14

Health: 0/97       AC: 24    Str:  9    XL:     9   Next: 13%
Magic:  13/21      EV:  2    Int: 17    God:    Okawaru [**....]
Gold:   395        SH:  0    Dex: 19    Spells: 18/24 levels left

rFire   . . .        C - +0 short sword
rCold   . . .        (no shield)
rNeg    . . .        t - melded +2 leather armour {rC+}
rPois   +            c - melded +0 hat
rElec   .            (cloak currently unavailable)
rCorr   .            (gloves currently unavailable)
SInv    .            (boots currently unavailable)
Will    .....        (no amulet)
Stlth   +++          Z - ring of wizardry
HPRegen 0.36/turn    D - +6 ring of dexterity
MPRegen 0.17/turn

%: wizardry (x1)
@: mighty, lethally poisoned (0 -> -2), tree-form
A: stationary, stasis, torment immunity, boosted hp, (fangs 1), strong nose,
distributed training
a: Renounce Religion, Heroism


You were on level 7 of the Dungeon.
You worshipped Okawaru.
Okawaru was pleased with you.
You were a tree.
You visited 2 branches of the dungeon, and saw 9 of its levels.

You collected 395 gold pieces.


Innate Abilities, Weirdness & Mutations

You are a tree.
Your roots penetrate the ground, keeping you stationary.
You cannot be teleported.
You are immune to unholy pain and torment.
Your maximum health is greatly increased.
Your equipment is partially melded.
((You have very sharp teeth.))
Your uncanny sense of smell can sniff out nearby items.
Your experience applies equally to all skills.


   Skills:
 + Level 4.1 Fighting
 + Level 4.1 Short Blades
 + Level 4.1 Long Blades
 + Level 4.1 Axes
 + Level 4.1 Maces & Flails
 + Level 4.1 Polearms
 + Level 4.1 Staves
 + Level 4.1 Ranged Weapons
 + Level 4.1 Throwing
 + Level 4.1 Armour
 + Level 6.2 Dodging
 + Level 5.9 Stealth
 + Level 4.1 Shields
 + Level 4.1 Unarmed Combat
 + Level 8.3 Spellcasting
 + Level 4.0 Conjurations
 + Level 3.3 Hexes
 + Level 4.0 Summonings
 + Level 3.3 Necromancy
 + Level 4.0 Translocations
 + Level 3.3 Transmutations
 + Level 3.3 Fire Magic
 + Level 3.3 Ice Magic
 + Level 3.3 Air Magic
 + Level 3.3 Earth Magic
 + Level 3.3 Poison Magic
 + Level 4.5 Invocations
 + Level 4.1 Evocations


You had 18 spell levels left.
You knew the following spells:

 Your Spells              Type           Power      Damage    Failure   Level
c - Call Imp              Summ           40%        N/A       1%          2
m - Magic Dart            Conj           80%        1d7       1%          1
M - Mephitic Cloud        Conj/Pois/Air  19%        N/A       2%          3

Your spell library contained the following spells:

 Spells                   Type           Power      Damage    Failure   Level
 Slow                     Hex            72%        N/A       1%          1
 Blink                    Tloc           40%        N/A       1%          2
 Cigotuvi's Dreadful Rot  Necr/Pois/Air  36%        N/A       1%          2
 Sublimation of Blood     Necr           18%        N/A       1%          2
 Wereblood                Tmut           18%        N/A       1%          2
 Manifold Assault         Tloc           20%        N/A       8%          4
 Storm Form               Tmut/Air       9%         N/A       100%        7
 Summon Hydra             Summ           Unusable   N/A       N/A         7

Inventory:

Hand Weapons
 a - a +0 dagger
 k - a +0 whip
   (You took it off a kobold on level 2 of the Dungeon)
 C - a +0 short sword (weapon)
   (You found it on level 2 of the Dungeon)
Missiles
 e - 94 stones
 p - 11 poisoned darts
 w - 5 boomerangs
Armour
 b - a +0 ring mail
   (You found it on level 6 of the Dungeon)
 c - a +0 hat (melded)
 m - a +0 robe
   (You took it off an orc wizard on level 6 of the Dungeon)
 n - a +0 robe
   (You took it off an orc wizard on level 6 of the Dungeon)
 o - a +1 leather armour of poison resistance
   (You took it off an orc on level 6 of the Dungeon)
 t - a +2 leather armour of cold resistance (melded)
   (You found it on level 2 of the Dungeon)
 v - a +0 scale mail
   (You found it on level 6 of the Dungeon)
 x - a +0 leather armour
   (You found it on level 6 of the Dungeon)
 z - a +0 chain mail
   (You took it off an orc on level 7 of the Dungeon)
 A - a +0 ring mail
   (You took it off an orc on level 7 of the Dungeon)
 G - a +0 scale mail
   (You took it off an orc on level 7 of the Dungeon)
 H - a +0 robe
   (You found it on level 7 of the Dungeon)
 I - a +0 ring mail
   (You took it off an orc on level 5 of the Dungeon)
 N - a +0 scale mail
   (You took it off an orc on level 8 of the Dungeon)
 O - a +0 ring mail of cold resistance
   (You took it off an orc on level 5 of the Dungeon)
Jewellery
 d - a +6 ring of dexterity
   (You found it on level 7 of the Dungeon)
 D - a +6 ring of dexterity (right branch)
   (You found it on level 1 of the Dungeon)
 E - a +5 ring of evasion
   (You found it on level 2 of the Dungeon)
 Z - a ring of wizardry (left branch)
   (You found it on level 4 of the Dungeon)
Wands
 F - a wand of polymorph (7)
   (You found it on level 4 of the Dungeon)
Scrolls
 h - 3 scrolls of vulnerability {unknown}
 j - a scroll of enchant weapon {unknown}
 q - a scroll of fear {unknown}
 r - a scroll of blinking {!r}
 s - 5 scrolls of identify {@r1}
 y - 3 scrolls of teleportation {@r4}
 B - 2 scrolls of noise {unknown}
 M - a scroll of amnesia {unknown}
Potions
 f - a potion of resistance {unknown}
 J - a potion of degeneration {unknown}
 K - a potion of mutation {unknown}

Dungeon Overview and Level Annotations

Branches:
Dungeon (8/15) Zot: 26768  Temple (1/1) D:5 Zot: 5737
   Lair: D:8-11

Altars:
Cheibriados
Dithmenos
Elyvilon
Fedhas
Gozag
Hepliaklqana
Makhleb
Nemelex Xobeh
Okawaru
Qazlal
Ru
Sif Muna
Trog
Wu Jian
Xom
Yredelemnul
Zin
The Shining One

Shops:
D:4 =   D:5 =   D:6 :=

Annotations:
D:4 exclusion: downstairs
D:7 2 transporters, Flippered's ghost, novice DsVM

#.......#### ####.##.##..###
#.............# #.............#
....##.......## .....###.#....#
..#.####.##.))###### #####
#...#........## #####
##........♣...#
....###..........y..#
#.#..###.........#.###
#.#....#.........#...###
.......................###
.........#...............######
........##........#.#......#..##
.......####......####O..>......##
........##.......##..>..........#


You could see an ogre and a killer bee.


Message History

There is a stone staircase leading down here. 😮 HP[+5]
You regained 5 hp, and now have 38/65 hp.
You feel less invigorated.
You feel less confused.
You feel sick. The killer bee stings you.
You are more poisoned.
The killer bee poisons you! 😮 HP[-1]
You take 1 damage, and now have 37/65 hp.
You hit the killer bee.
You feel very sick. The killer bee stings you.
* * * LOW HITPOINT WARNING * * *
😨 HP[-7]
You take 7 damage, and now have 30/65 hp.
Casting: Magic Dart (safe; 1% risk of failure)
Confirm with . or Enter, or press ? or * to list all spells.
Aiming: Mephitic Cloud (dangerous; 4% risk of failure)
Press: ? - help, Shift-Dir - straight line The ball explodes into a vile cloud!
The stinking cloud engulfs the killer bee but does no damage.
You feel very sick.
You hear a shout!
The killer bee barely misses you. The killer bee stings you.
* * * LOW HITPOINT WARNING * * *
You are more poisoned.
The killer bee poisons you! 😨 HP[-7] MP[-3]
You take 7 damage, and now have 23/65 hp.
You lost 3 mp, and now have 18/21 mp.
Casting: Mephitic Cloud (dangerous; 4% risk of failure)
Confirm with . or Enter, or press ? or * to list all spells.
Aiming: Mephitic Cloud (dangerous; 4% risk of failure)
Press: ? - help, Shift-Dir - straight line The ball explodes into a vile cloud!
The stinking cloud engulfs the killer bee but does no damage.
You feel very sick.
The killer bee completely misses you. x2 😨 HP[-4] MP[-3]
You take 4 damage, and now have 19/65 hp.
You lost 3 mp, and now have 15/21 mp.
Casting: Mephitic Cloud (dangerous; 4% risk of failure)
Confirm with . or Enter, or press ? or * to list all spells.
Aiming: Mephitic Cloud (dangerous; 4% risk of failure)
Press: ? - help, Shift-Dir - straight line The ball explodes into a vile cloud!
The stinking cloud engulfs the killer bee but does no damage.
You feel very sick. The killer bee closely misses you.
The killer bee barely misses you. 😱 HP[-4] MP[-3]
You take 4 damage, and now have 15/65 hp.
You lost 3 mp, and now have 12/21 mp.
You barely miss the killer bee.
You feel sick.
The killer bee stings you but does no damage.
The killer bee stings you.
* * * LOW HITPOINT WARNING * * *
😱 HP[-8]
You take 8 damage, and now have 7/65 hp.
It was a potion of cancellation.
You feel magically purged.
* * * LOW HITPOINT WARNING * * *
You feel sick. The killer bee misses you. x2 😱 HP[-1]
You take 1 damage, and now have 6/65 hp.
Really read
r - 2 scrolls of blinking {!r}? [Y]es or [N]o only, please.
Really read
r - 2 scrolls of blinking {!r}? [Y]es or [N]o only, please.
Really read
r - 2 scrolls of blinking {!r}?
Blink to where?
Press: ? - help, Dir - move target
As you read the scroll of blinking {!r}, it crumbles to dust.
* * * LOW HITPOINT WARNING * * *
You feel sick. 😱 HP[-2] MP[+1]
You take 2 damage, and now have 4/65 hp.
As you read the scroll labelled GEBLAUDIPHEL, it crumbles to dust.
It is a scroll of identify.
L - a potion of lignification
* * * LOW HITPOINT WARNING * * *
You feel sick. 😱 HP[-1]
You take 1 damage, and now have 3/65 hp.
Okay, then.
Really quaff
L - a potion of lignification {!q}?
Really quaff the potion of lignification?
You turn into a tree.
Your +0 hat melds into your body.
Your +2 leather armour of cold resistance melds into your body.
You feel less resistant to cold.
Your roots penetrate the ground.
You feel sick. 😱 HP[+2]
You now have 97 max hp (+32).
You regained 2 hp, and now have 5/97 hp.
You feel very mighty all of a sudden.
You feel sick. The killer bee stings you.
* * * LOW HITPOINT WARNING * * *
😱 HP[-4]
You take 4 damage, and now have 1/97 hp.
You hit the killer bee.
You die...

Skill      XL: |  1  2  3  4  5  6  7  8  9 |
---------------+----------------------------+-----
Conjurations   | 2 3 4 |  4.0
Summonings     | 2 3 4 |  4.0
Translocations | 2 3 4 |  4.0
Invocations    | 1 2 3 4 |  4.5
Fighting       | 1 2 3 4 |  4.1
Short Blades   | 1 2 3 4 |  4.1
Long Blades    | 1 2 3 4 |  4.1
Axes           | 1 2 3 4 |  4.1
Maces & Flails | 1 2 3 4 |  4.1
Polearms       | 1 2 3 4 |  4.1
Staves         | 1 2 3 4 |  4.1
Ranged Weapons | 1 2 3 4 |  4.1
Throwing       | 1 2 3 4 |  4.1
Armour         | 1 2 3 4 |  4.1
Shields        | 1 2 3 4 |  4.1
Unarmed Combat | 1 2 3 4 |  4.1
Evocations     | 1 2 3 4 |  4.1
Hexes          | 1 2 3 |  3.3
Necromancy     | 1 2 3 |  3.3
Transmutations | 1 2 3 |  3.3
Fire Magic     | 1 2 3 |  3.3
Ice Magic      | 1 2 3 |  3.3
Air Magic      | 1 2 3 |  3.3
Earth Magic    | 1 2 3 |  3.3
Poison Magic   | 1 2 3 |  3.3
Dodging        | 5 6 |  6.2
Stealth        | 5 |  5.9
Spellcasting   | 8 |  8.3

Action                     |  1- 3 |  4- 6 |  7- 9 || total
---------------------------+-------+-------+-------++-------
  Melee: Dagger            |     1 |    55 |       ||    56
         Whip              |     5 |       |       ||     5
         Bite              |     1 |    15 |    24 ||    40
         Short sword       |       |    32 |   173 ||   205
         Punch             |       |       |     6 ||     6
   Cast: Magic Dart        |    94 |   115 |   245 ||   454
         Mephitic Cloud    |       |     4 |    22 ||    26
    Use: Potion            |     2 |       |    11 ||    13
         Scroll            |       |       |     4 ||     4
   Stab: Sleeping          |       |     1 |     1 ||     2
         Confused          |       |       |     7 ||     7
 Armour: Robe              |     5 |       |       ||     5
         Leather armour    |       |    23 |    76 ||    99
  Dodge: Dodged            |    19 |   147 |   268 ||   434

Levels and vault maps discovered:
D:1:      kilobyte_arrival_exit_the_forest, layout_loops_cross
D:2:      layout_rooms, chequers_serial_rivers_small_b, minmay_hexomino_r4
D:3:      layout_loops_cross, uniq_natasha
D:4:      layout_basic, nicolae_overflow_hidden_temple, serial_shops, shop,
          dreamdust_princess_corridor
D:5:      layout_rooms, minmay_temple_entry_offerings
D:6:      layout_rooms, serial_shops, shop, shop
D:7:      layout_cave_pools, gammafunk_ghost_hive
D:8:      layout_basic, lair_entry_dummy, kennysheep_big_empty_room,
          grunt_decor_junction
Temple:   nicolae_temple_bog_church

Notes
Turn   | Place    | Note
-------+----------+-------------------------------------------
     0 | D:1      | esteth the Gnoll Hedge Wizard began the quest for the Orb.
     0 | D:1      | Reached XP level 1. HP: 13/13 MP: 8/8
     0 | D:1      | magus.rc [v1.11.3]
   253 | D:1      | Reached skill level 2 in Conjurations
   253 | D:1      | Reached skill level 2 in Summonings
   253 | D:1      | Reached skill level 2 in Translocations
   451 | D:1      | Reached XP level 2. HP: 19/19 MP: 7/10
  1005 | D:2      | Found a white marble altar of Elyvilon.
  1108 | D:2      | Reached XP level 3. HP: 10/25 MP: 3/11
  1196 | D:2      | Reached skill level 1 in Invocations
  1649 | D:2      | Reached skill level 1 in Fighting
  1649 | D:2      | Reached skill level 1 in Short Blades
  1649 | D:2      | Reached skill level 1 in Long Blades
  1649 | D:2      | Reached skill level 1 in Axes
  1649 | D:2      | Reached skill level 1 in Maces & Flails
  1649 | D:2      | Reached skill level 1 in Polearms
  1649 | D:2      | Reached skill level 1 in Staves
  1649 | D:2      | Reached skill level 1 in Ranged Weapons
  1649 | D:2      | Reached skill level 1 in Throwing
  1649 | D:2      | Reached skill level 1 in Armour
  1649 | D:2      | Reached skill level 1 in Shields
  1649 | D:2      | Reached skill level 1 in Unarmed Combat
  1649 | D:2      | Reached skill level 1 in Evocations
  1920 | D:3      | Noticed Natasha
  1931 | D:3      | Killed Natasha
  1932 | D:3      | Reached XP level 4. HP: 30/32 MP: 1/13
  2017 | D:3      | Learned a level 2 spell: Call Imp
  2021 | D:3      | Learned a level 3 spell: Mephitic Cloud
  2088 | D:3      | Reached skill level 1 in Hexes
  2088 | D:3      | Reached skill level 1 in Necromancy
  2088 | D:3      | Reached skill level 1 in Transmutations
  2088 | D:3      | Reached skill level 1 in Fire Magic
  2088 | D:3      | Reached skill level 1 in Ice Magic
  2088 | D:3      | Reached skill level 1 in Air Magic
  2088 | D:3      | Reached skill level 1 in Earth Magic
  2088 | D:3      | Reached skill level 1 in Poison Magic
  2141 | D:3      | You pick up a book of Blood and begin reading...
  2141 | D:3      | You add the spells Sublimation of Blood, Wereblood and
                  | Summon Hydra to your library.
  2392 | D:3      | Noticed Natasha
  2400 | D:3      | Killed Natasha
  2401 | D:3      | Reached XP level 5. HP: 35/37 MP: 6/14
  2551 | D:3      | Noticed Natasha
  2559 | D:3      | Killed Natasha
  3279 | D:4      | Reached skill level 2 in Invocations
  3409 | D:4      | Found Baiwyts's Jewellery Emporium.
  3444 | D:4      | Reached XP level 6. HP: 44/44 MP: 10/16
  3508 | D:4      | Reached skill level 2 in Fighting
  3508 | D:4      | Reached skill level 2 in Short Blades
  3508 | D:4      | Reached skill level 2 in Long Blades
  3508 | D:4      | Reached skill level 2 in Axes
  3508 | D:4      | Reached skill level 2 in Maces & Flails
  3508 | D:4      | Reached skill level 2 in Polearms
  3508 | D:4      | Reached skill level 2 in Staves
  3508 | D:4      | Reached skill level 2 in Ranged Weapons
  3508 | D:4      | Reached skill level 2 in Throwing
  3508 | D:4      | Reached skill level 2 in Armour
  3508 | D:4      | Reached skill level 5 in Dodging
  3508 | D:4      | Reached skill level 2 in Shields
  3508 | D:4      | Reached skill level 2 in Unarmed Combat
  3508 | D:4      | Reached skill level 2 in Evocations
  3726 | D:5      | Entered Level 5 of the Dungeon
  3726 | D:5      | Found a staircase to the Ecumenical Temple.
  3734 | D:5      | Noticed a black bear
  3963 | D:5      | Killed a black bear
  3964 | D:5      | Reached XP level 7. HP: 50/50 MP: 2/18
  4021 | D:5      | Reached skill level 2 in Hexes
  4021 | D:5      | Reached skill level 2 in Necromancy
  4021 | D:5      | Reached skill level 2 in Transmutations
  4021 | D:5      | Reached skill level 2 in Fire Magic
  4021 | D:5      | Reached skill level 2 in Ice Magic
  4021 | D:5      | Reached skill level 2 in Air Magic
  4021 | D:5      | Reached skill level 2 in Earth Magic
  4021 | D:5      | Reached skill level 2 in Poison Magic
  4030 | D:5      | You add the spells Manifold Assault and Storm Form to your
                  | library.
  4037 | Temple   | Entered the Ecumenical Temple
  4279 | Temple   | Became a worshipper of Warmaster Okawaru
  4338 | D:5      | Reached skill level 3 in Conjurations
  4338 | D:5      | Reached skill level 3 in Summonings
  4338 | D:5      | Reached skill level 3 in Translocations
  4512 | D:5      | Reached skill level 5 in Stealth
  4559 | D:5      | Reached skill level 3 in Invocations
  4688 | D:5      | Reached * piety under Okawaru
  4825 | D:5      | Reached skill level 3 in Fighting
  4825 | D:5      | Reached skill level 3 in Short Blades
  4825 | D:5      | Reached skill level 3 in Long Blades
  4825 | D:5      | Reached skill level 3 in Axes
  4825 | D:5      | Reached skill level 3 in Maces & Flails
  4825 | D:5      | Reached skill level 3 in Polearms
  4825 | D:5      | Reached skill level 3 in Staves
  4825 | D:5      | Reached skill level 3 in Ranged Weapons
  4825 | D:5      | Reached skill level 3 in Throwing
  4825 | D:5      | Reached skill level 3 in Armour
  4825 | D:5      | Reached skill level 3 in Shields
  4825 | D:5      | Reached skill level 3 in Unarmed Combat
  4825 | D:5      | Reached skill level 3 in Evocations
  4825 | D:5      | Reached XP level 8. HP: 52/58 MP: 11/19
  5208 | D:6      | Found Padd's Jewellery Shop.
  5843 | D:5      | Reached skill level 8 in Spellcasting
  6312 | D:6      | Reached skill level 3 in Hexes
  6312 | D:6      | Reached skill level 3 in Necromancy
  6312 | D:6      | Reached skill level 3 in Transmutations
  6312 | D:6      | Reached skill level 3 in Fire Magic
  6312 | D:6      | Reached skill level 3 in Ice Magic
  6312 | D:6      | Reached skill level 3 in Air Magic
  6312 | D:6      | Reached skill level 3 in Earth Magic
  6312 | D:6      | Reached skill level 3 in Poison Magic
  6312 | D:6      | Reached skill level 4 in Invocations
  6348 | D:6      | Reached ** piety under Okawaru
  6352 | D:6      | HP: 15/60 [poisoned by a scorpion]
  6357 | D:6      | HP: 11/60 [poisoned by a scorpion]
  6606 | D:6      | Reached skill level 6 in Dodging
  6845 | D:6      | Found Atoj's Book Shoppe.
  7092 | D:7      | Reached XP level 9. HP: 65/65 MP: 21/21
  7234 | D:7      | Reached skill level 4 in Fighting
  7234 | D:7      | Reached skill level 4 in Short Blades
  7234 | D:7      | Reached skill level 4 in Long Blades
  7234 | D:7      | Reached skill level 4 in Axes
  7234 | D:7      | Reached skill level 4 in Maces & Flails
  7234 | D:7      | Reached skill level 4 in Polearms
  7234 | D:7      | Reached skill level 4 in Staves
  7234 | D:7      | Reached skill level 4 in Ranged Weapons
  7234 | D:7      | Reached skill level 4 in Throwing
  7234 | D:7      | Reached skill level 4 in Armour
  7234 | D:7      | Reached skill level 4 in Shields
  7234 | D:7      | Reached skill level 4 in Unarmed Combat
  7234 | D:7      | Reached skill level 4 in Conjurations
  7234 | D:7      | Reached skill level 4 in Summonings
  7234 | D:7      | Reached skill level 4 in Translocations
  7234 | D:7      | Reached skill level 4 in Evocations
  7329 | D:7      | Found a transporter.
  7866 | D:7      | Noticed Flippered's ghost (novice DsVM)
  7870 | D:7      | Found a transporter.
  8111 | D:8      | HP: 16/65 [poisoned by a killer bee]
  8116 | D:8      | HP: 9/65 [poisoned by a killer bee]
  8136 | D:7      | HP: 15/65 [poisoned by a killer bee]
  8137 | D:7      | HP: 7/65 [killer bee (6)]
  8140 | D:7      | HP: 3/65 [poisoned by a killer bee]
  8142 | D:7      | HP: 1/97 [killer bee (3)]
  8143 | D:7      | Succumbed to a killer bee's poison

Vanquished Creatures
  An ice beast (D:5)
  A black bear (D:5)
  An ogre (D:6)
  4 centaurs
  2 phantoms (D:5)
  5 scorpions
  A bullfrog (D:7)
  3 jellies
  3 orc priests
  4 hounds
  Natasha (thrice) (D:3)
  5 iguanas
  3 orc wizards
  3 gnolls
  11 adders
  A white imp (D:5)
  A worm (D:2)
  16 orcs
  A bat (D:2)
  4 endoplasms
  3 giant cockroaches
  3 goblins
  5 hobgoblins
  4 jackals (D:4)
  7 kobolds
  4 quokkas
  2 ball pythons
  4 frilled lizards
  5 rats
110 creatures vanquished.

Table legend:
 A = Non-vault XP
 B = Vault XP
 C = Vault XP percentage of total XP
 D = Non-vault monster count
 E = Vault monster count
 F = Vault count percentage of total count
                 A         B        C        D         E       F
            +---------+---------+-------+---------+---------+-------
      Total |    2613 |      56 |   2.1 |     104 |       6 |   5.5
            +---------+---------+-------+---------+---------+-------
        D:1 |      14 |       0 |   0.0 |       9 |       0 |   0.0
        D:2 |      36 |      19 |  34.5 |      13 |       5 |  27.8
        D:3 |      95 |      37 |  28.0 |      10 |       1 |   9.1
        D:4 |     197 |       0 |   0.0 |      17 |       0 |   0.0
        D:5 |    1228 |       0 |   0.0 |      26 |       0 |   0.0
        D:6 |     681 |       0 |   0.0 |      18 |       0 |   0.0
        D:7 |     316 |       0 |   0.0 |       9 |       0 |   0.0
        D:8 |      46 |       0 |   0.0 |       2 |       0 |   0.0
            +---------+---------+-------+---------+---------+-------

Skill      XL: |  1  2  3  4  5  6  7  8  9 |
---------------+----------------------------+-----
Conjurations   | 2 3 4 |  4.0
Summonings     | 2 3 4 |  4.0
Translocations | 2 3 4 |  4.0
Invocations    | 1 2 3 4 |  4.5
Fighting       | 1 2 3 4 |  4.1
Short Blades   | 1 2 3 4 |  4.1
Long Blades    | 1 2 3 4 |  4.1
Axes           | 1 2 3 4 |  4.1
Maces & Flails | 1 2 3 4 |  4.1
Polearms       | 1 2 3 4 |  4.1
Staves         | 1 2 3 4 |  4.1
Ranged Weapons | 1 2 3 4 |  4.1
Throwing       | 1 2 3 4 |  4.1
Armour         | 1 2 3 4 |  4.1
Shields        | 1 2 3 4 |  4.1
Unarmed Combat | 1 2 3 4 |  4.1
Evocations     | 1 2 3 4 |  4.1
Hexes          | 1 2 3 |  3.3
Necromancy     | 1 2 3 |  3.3
Transmutations | 1 2 3 |  3.3
Fire Magic     | 1 2 3 |  3.3
Ice Magic      | 1 2 3 |  3.3
Air Magic      | 1 2 3 |  3.3
Earth Magic    | 1 2 3 |  3.3
Poison Magic   | 1 2 3 |  3.3
Dodging        | 5 6 |  6.2
Stealth        | 5 |  5.9
Spellcasting   | 8 |  8.3

Action                     |  1- 3 |  4- 6 |  7- 9 || total
---------------------------+-------+-------+-------++-------
  Melee: Dagger            |     1 |    55 |       ||    56
         Whip              |     5 |       |       ||     5
         Bite              |     1 |    15 |    24 ||    40
         Short sword       |       |    32 |   173 ||   205
         Punch             |       |       |     6 ||     6
   Cast: Magic Dart        |    94 |   115 |   245 ||   454
         Mephitic Cloud    |       |     4 |    22 ||    26
    Use: Potion            |     2 |       |    11 ||    13
         Scroll            |       |       |     4 ||     4
   Stab: Sleeping          |       |     1 |     1 ||     2
         Confused          |       |       |     7 ||     7
 Armour: Robe              |     5 |       |       ||     5
         Leather armour    |       |    23 |    76 ||    99
  Dodge: Dodged            |    19 |   147 |   268 ||   434

Illustrated notes

Table legend:
 A = Kills in this place as a percentage of kills in the entire game.
 B = Kills by you in this place as a percentage of kills by you in the entire game.
 C = Kills by friends in this place as a percentage of kills by friends in the entire game.
 D = Other kills in this place as a percentage of other kills in the entire game.
 E = Experience gained in this place as a percentage of experience gained in the entire game.
 F = Experience gained in this place divided by the number of levels of this place that you have seen.
                   A       B       C       D       E      F
               +-------+-------+-------+-------+-------+----------------------
         Total | 100.0 | 100.0 |   N/A | 100.0 | 100.0 | 296.6
       Dungeon | 100.0 | 100.0 |   N/A | 100.0 | 100.0 | 333.6
               +-------+-------+-------+-------+-------+----------------------

Table legend: (Time is in decaauts)
 A = Elapsed time spent in this place.
 B = Non-inter-level travel time spent in this place.
 C = Inter-level travel time spent in this place.
 D = Time resting spent in this place.
 E = Time spent auto-exploring this place.
 F = Levels seen in this place.
 G = Mean time per level.
                   A        B        C        D        E       F      G
               +--------+--------+--------+--------+--------+-----+--------+
         Total |   8147 |   7846 |    301 |   1965 |   4533 |   9 |  905.2 |
       Dungeon |   7885 |   7589 |    296 |   1965 |   4308 |   8 |  985.6 |
        Temple |    262 |    257 |      5 |      0 |    225 |   1 |  262.0 |
               +--------+--------+--------+--------+--------+-----+--------+

Top non-repeatable levels by time:
     D:5: 1836 daAuts
     D:6: 1192 daAuts
     D:4: 1142 daAuts
     D:1: 1126 daAuts
     D:2: 838 daAuts
     D:7: 779 daAuts
     D:3: 749 daAuts
  Temple: 262 daAuts
     D:8: 219 daAuts
